 Dungeon Crawl Stone Soup version 0.30-a0-949-g53dc5368d7 (webtiles) character file.

Game seed: 11537011690372780007

240 jimonade the Chopper (level 6, -1/52 HPs)
             Began as a Hill Orc Fighter on Mar 28, 2023.
             Was an Initiate of Beogh.
             Killed from afar by an orc wizard (8 damage)
             ... with a magic dart
             ... on level 4 of the Dungeon.
             The game lasted 00:04:46 (3163 turns).

jimonade the Chopper (Hill Orc Fighter)             Turns: 3163, Time: 00:04:46

Health: -1/52      AC: 17    Str: 19    XL:     6   Next: 8%
Magic:  8/8        EV:  5    Int: 10    God:    Beogh [......]
Gold:   185        SH:  9    Dex: 10    Spells: 5/5 levels left

rFire   . . .      SeeInvis .    a - +0 war axe
rCold   . . .      Faith    .    c - +0 buckler
rNeg    . . .      Spirit   .    f - +0 plate armour
rPois   .          Reflect  +    (no helmet)
rElec   .          Rampage  .    (no cloak)
rCorr   .                        (no gloves)
Will    .....                    p - +0 pair of boots Stlth
                                 i - amulet of reflection
HPRegen 0.28/turn                e - +4 ring of protection
MPRegen 0.11/turn                B - ring of wizardry

@: slowed, very slow
A: no striking features
a: Renounce Religion


You were on level 4 of the Dungeon.
You worshipped Beogh.
Beogh was noncommittal.
You visited 1 branch of the dungeon, and saw 4 of its levels.

You collected 185 gold pieces.

Inventory:

Hand Weapons
 a - a +0 war axe (weapon)
 q - a +1 heavy hand axe
 s - a +3 mace
 C - a +0 halberd
Missiles
 o - 15 poisoned darts (quivered)
 t - 2 silver javelins
Armour
 b - a +0 scale mail
 c - a +0 buckler (worn)
 f - a +0 plate armour (worn)
 p - a +0 pair of boots (worn)
Jewellery
 e - a +4 ring of protection (left hand)
 i - an amulet of reflection (around neck)
 j - an amulet of the acrobat
 k - an amulet of guardian spirit
 B - a ring of wizardry (right hand)
 D - a +6 ring of dexterity
Scrolls
 h - 3 scrolls of identify {unknown}
 l - a scroll of immolation {unknown}
 m - a scroll of poison {unknown}
 n - 2 scrolls of fog {unknown}
 v - 2 scrolls of summoning {unknown}
 w - 2 scrolls of noise {unknown}
 y - 4 scrolls of teleportation {unknown}
 A - a scroll of enchant weapon {unknown}
Potions
 d - a potion of might
 g - a potion of heal wounds {unknown}
 r - a potion of attraction {unknown}
 u - a potion of curing {unknown}
 x - a potion of brilliance {unknown}
 z - a potion of flight {unknown}


   Skills:
 + Level 4.2 Fighting
 + Level 5.3 Axes
 + Level 4.2 Armour
 + Level 4.2 Shields
 * Level 2.8 Invocations


You had 5 spell levels left.
You didn't know any spells.
Your spell library contained the following spells:

 Spells                   Type           Power      Damage    Failure   Level
 Yara's Violent Unravell  Hex/Tmut       0%         3d3       100%        5
 Enfeeble                 Hex            0%         N/A       100%        7


Dungeon Overview and Level Annotations

Branches:
Dungeon (4/15)
 Temple: D:4-7

Altars:
Ashenzari
Cheibriados
Fedhas
Qazlal
Uskayaw
Vehumet
Xom

Annotations:
D:3 1 runed translucent door, bigduke15's ghost, amateur OpCj


Message History

Natasha claws you. You block the shadow imp's attack.
The endoplasm freezes you.
You are frozen.
The shadow imp hits you but does no damage.
Natasha claws you but does no damage.
You closely miss Natasha.
Natasha is almost dead.
You hit the endoplasm.
You kill the endoplasm!
Beogh accepts your kill.
You closely miss the shadow imp. Natasha casts a spell at you.
You feel as though you will be slow longer.
The shadow imp hits you but does no damage.
Something hits you but does no damage. Natasha barely misses you.
The shadow imp hits you but does no damage.
You slash Natasha!
You kill Natasha!
Beogh accepts your kill.
You hear a faint echoing roar filled with hate and sorrow!
The shadow imp disappears in a puff of smoke!
You hit something. Something hits you but does no damage.
You are electrocuted!!
The orc priest hits you but does no damage.
Something hits you but does no damage.
You have reached level 6!
You closely miss the orc priest. You hit something.
You hear some strange, mumbled words.
Something tries to affect you, but you resist.
You block the orc priest's attack. x2; Something hits you.
* * * LOW HITPOINT WARNING * * *
You closely miss the orc priest. You miss something.
Something hits you but does no damage. You block the orc priest's attack.
The orc priest hits you with a +0 flail.
* * * LOW HITPOINT WARNING * * *
You hear some strange, mumbled words.
A magic dart appears from out of thin air!
The magic dart hits you!
You die...
Beogh appreciates something's killing of a heretic priest.

##..................#
#.................##
##.................
#...............
#..............
##............
##.....#.....
##...##.......
#.....@....#
#......o{###.#
#.....##w... ........
...... #.[##<...
....... #..
#............ #.
#........)... ##..
.......


You could see a worm and an orc priest.

Vanquished Creatures
  An orc priest (D:4)
  A gnoll bouda (D:4)
  An orc wizard (D:4)
  Natasha (D:4)
  3 gnolls (D:4)
  4 adders
  2 worms
  A dart slug (D:1)
  2 orcs
  A ball python (D:3)
  8 bats
  9 endoplasms
  3 giant cockroaches
  6 goblins
  5 hobgoblins
  2 jackals (D:2)
  4 kobolds
  3 frilled lizards
  9 rats
66 creatures vanquished.

Vanquished Creatures (others)
  5 plants (D:3)
5 creatures vanquished.

Grand Total: 71 creatures vanquished

Notes
Turn   | Place    | Note
-------+----------+-------------------------------------------
     0 | D:1      | jimonade the Hill Orc Fighter began the quest for the Orb.
     0 | D:1      | Reached XP level 1. HP: 19/19 MP: 1/1
   141 | D:1      | Reached XP level 2. HP: 27/27 MP: 2/2
   369 | D:1      | Found a faded altar of an unknown god.
   381 | D:1      | Reached skill level 1 in Invocations
   430 | D:1      | Reached skill level 3 in Axes
   481 | D:1      | Reached XP level 3. HP: 33/33 MP: 3/3
   930 | D:2      | Found a stormy altar of Qazlal.
  1190 | D:2      | Reached skill level 4 in Axes
  1190 | D:2      | Reached XP level 4. HP: 40/40 MP: 5/5
  1921 | D:3      | Found a runed translucent door.
  1922 | D:3      | Noticed bigduke15's ghost (amateur OpCj)
  2004 | D:3      | Became a worshipper of Beogh the Brigand
  2009 | D:3      | Found a broken altar of Ashenzari.
  2093 | D:3      | Found a snail-covered altar of Cheibriados.
  2095 | D:3      | Found a radiant altar of Vehumet.
  2098 | D:3      | Found a shimmering altar of Xom.
  2229 | D:3      | Found a blossoming altar of Fedhas.
  2865 | D:4      | Reached XP level 5. HP: 42/46 MP: 6/6
  2905 | D:4      | Reached skill level 5 in Axes
  2966 | D:4      | Found a hide-covered altar of Uskayaw.
  3149 | D:4      | Noticed Natasha
  3161 | D:4      | Killed Natasha
  3162 | D:4      | Reached XP level 6. HP: 16/52 MP: 8/8
  3163 | D:4      | Killed from afar by an orc wizard

Illustrated notes

Levels and vault maps discovered:
D:1:      evilmike_arrival_hilbert_curve, layout_basic, basic_ecumenical_altar,
          serial_bayou_pond_d
D:2:      layout_loops_ring, basic_altar
D:3:      layout_basic, fedhas_ov_isle_minmay, nicolae_overflow_hidden_temple,
          grunt_temple_overflow_open, gammafunk_ghost_grave
D:4:      layout_cave_pods, mainiacjoe_overflow_catch_the_wave, uniq_natasha

Skill      XL: |  1  2  3  4  5 |
---------------+----------------+-----
Invocations    | 1 2 |  2.8
Axes           | 3 4 5 |  5.3
Fighting       | 4 |  4.2
Shields        | 4 |  4.2
Armour         | 4 |  4.2

Action                     |  1- 3 |  4- 6 || total
---------------------------+-------+-------++-------
  Melee: War axe           |    94 |   124 ||   218
 Invoke: Convert to Beogh  |       |     1 ||     1
 Armour: Plate armour      |    69 |    99 ||   168
  Dodge: Dodged            |    28 |    26 ||    54
  Block: Buckler           |    46 |    59 ||   105
         Reflection        |     2 |     1 ||     3

Table legend: (Time is in decaauts)
 A = Elapsed time spent in this place.
 B = Non-inter-level travel time spent in this place.
 C = Inter-level travel time spent in this place.
 D = Time resting spent in this place.
 E = Time spent auto-exploring this place.
 F = Levels seen in this place.
 G = Mean time per level.
                   A        B        C        D        E       F      G
               +--------+--------+--------+--------+--------+-----+--------+
         Total |   3248 |   3129 |    119 |    131 |   2333 |   4 |  812.0 |
       Dungeon |   3248 |   3129 |    119 |    131 |   2333 |   4 |  812.0 |
               +--------+--------+--------+--------+--------+-----+--------+

Top non-repeatable levels by time:
     D:3: 1083 daAuts
     D:2: 881 daAuts
     D:1: 851 daAuts
     D:4: 432 daAuts
